 Dungeon Crawl Stone Soup version 0.17-a0-945-g601bd79 (webtiles) character file.

527 namelastname112 the Magician (level 7, 50/50 HPs)
             Began as a Yellow Draconian Wizard on May 6, 2015.
             Got out of the dungeon alive.
             The game lasted 00:08:25 (4420 turns).

namelastname112 the Magician (DrWz)                 Turns: 4420, Time: 00:08:25

Health: 50/50      AC:  9    Str: 10    XL:     7   Next: 3%
Magic:  15/15      EV: 12    Int: 20    God:
Gold:   108        SH:  0    Dex:  9    Spells: 1 memorised, 16 levels left

rFire  . . .     SeeInvis .     h - +1 dagger (venom)
rCold  . . .     Clarity  .     (armour unavailable)
rNeg   . . .     SustAb   .     (no shield)
rPois  .         Gourm    .     a - +0 hat
rElec  .         Spirit   .     (no cloak)
rCorr  +         Warding  .     r - +2 pair of gloves
rMut   .         Stasis   .     (no boots)
MR     .....                    (no amulet)
Stlth  +.........               (no ring)
                                (no ring)

@: not resistant to hostile enchantments, very unstealthy
A: spit acid, acid resistance, unfitting armour, cold-blooded, AC +6
a: Spit Acid


You escaped.
You were hungry.

You visited 1 branch of the dungeon, and saw 4 of its levels.

You collected 108 gold pieces.

Inventory:

Hand weapons
 h - a +1 dagger of venom (weapon)
Armour
 a - a +0 hat (worn)
 r - a +2 pair of gloves (worn)
Scrolls
 d - a scroll of noise {unknown}
 e - 2 scrolls of recharging {unknown}
 g - 2 scrolls of teleportation {unknown}
 j - 6 scrolls of identify {unknown}
 l - 2 scrolls of enchant weapon {unknown}
 n - 3 scrolls of remove curse {unknown}
 p - a scroll of random uselessness {unknown}
 x - a scroll of blinking {unknown}
 y - a scroll of enchant armour {unknown}
Potions
 k - 2 potions of invisibility {unknown}
 m - a potion of mutation {unknown}
 o - 2 potions of poison {unknown}
 q - a potion of resistance {unknown}
 s - 2 potions of curing {unknown}
 t - a potion of magic {unknown}
 u - a potion of cancellation {unknown}
 w - 2 potions of lignification {unknown}
 A - a potion of haste
Books
 b - a book of Minor Magic

   Spells                             Type                      Level
   a - Magic Dart                     Conjuration                  1
   b - Blink                          Translocation                2
   c - Call Imp                       Summoning                    2
   d - Repel Missiles                 Charms/Air                   2
   e - Slow                           Hexes                        2
   f - Conjure Flame                  Conjuration/Fire             3
   g - Mephitic Cloud                 Conjuration/Poison/Air       3
Comestibles
 c - 4 bread rations
 f - 3 meat rations
 i - 5 fruits
 v - a beef jerky


   Skills:
 - Level 1.7 Dodging
 - Level 1.7 Stealth
 + Level 5.6 Spellcasting
 + Level 5.2 Conjurations
   Level 1.0 Summonings
   Level 1.0 Translocations


You had 16 spell levels left.
You knew the following spells:

 Your Spells              Type           Power        Failure   Level  Hunger
z - Magic Dart            Conj           ####         1%          1    None


Dungeon Overview and Level Annotations

Branches:
Dungeon (4/15)
 Temple: D:4-7

Altars:
Makhleb


Innate Abilities, Weirdness & Mutations

You can spit globs of acid.
You are resistant to acid.
Your golden yellow scales are hard (AC +6).
Your body does not fit into most forms of armour.
You are cold-blooded and may be slowed by cold attacks.


Message History

A bat comes into view.
You can't go up here!
The bat hits you but does no damage.
You miss the bat. The bat hits you but does no damage.
The bat completely misses you.
You hit the bat.
The bat is poisoned.
The bat is heavily wounded.
The bat closely misses you.
You kill the bat!
No target in view!
No target in view!
No target in view!
(D) Dungeon
Where to? (Enter - D:1 @ (x,y), ? - help)
There is a stone staircase leading down here.
There is an open gate here.
There is an open door here.
There is a staircase leading out of the dungeon here.
Are you sure you want to leave the Dungeon?
This will make you lose the game!
You have escaped!

..# ###.######♣..............♣
.##########♣♣♣.....♣♣#'''#♣♣♣..♣
.# #.............♣♣###...###♣♣.♣
.###>#..........♣♣ #.......# ♣♣♣
.....#♣.......♣♣####..8....####
######♣.....♣♣###.(#.......#..###
♣....♣♣ #....#.8...8.'....#
♣♣...♣ #....#...⌠...#....# ♣♣.⌠♣♣
#.@..'.8...8.#..⌠.# ♣♣♣.♣
#....#.......#.)..# ♣♣♣
###################


There were no monsters in sight!

Vanquished Creatures
  A scorpion (D:4)
  Jessica (D:2)
  A giant frog skeleton (D:4)
  3 worker ants
  An iguana (D:4)
  7 adders
  9 gnolls
  2 oozes
  8 worms
  4 giant geckos
  10 orcs
  7 giant cockroaches
  22 goblins
  12 hobgoblins
  5 jackals
  14 kobolds
  3 quokkas
  3 ball pythons
  13 bats
  A giant gecko skeleton (D:4)
  9 giant newts
  10 rats
146 creatures vanquished.

Notes
Turn   | Place    | Note
--------------------------------------------------------------
     0 | D:1      | namelastname112, the Draconian Wizard, began the quest for the Orb.
     0 | D:1      | Reached XP level 1. HP: 14/14 MP: 4/4
   434 | D:1      | Reached XP level 2. HP: 20/20 MP: 4/6
   602 | D:1      | Reached XP level 3. HP: 26/26 MP: 5/8
  1140 | D:2      | Noticed Jessica
  1193 | D:2      | Killed Jessica
  1275 | D:2      | Reached XP level 4. HP: 33/33 MP: 0/9
  1501 | D:2      | Reached skill level 4 in Spellcasting
  2318 | D:3      | Reached XP level 5. HP: 38/38 MP: 6/11
  3197 | D:3      | Reached XP level 6. HP: 45/45 MP: 5/13
  3266 | D:4      | Reached skill level 5 in Spellcasting
  3337 | D:4      | Found a burning altar of Makhleb.
  3657 | D:4      | Reached skill level 5 in Conjurations
  4187 | D:4      | Your scales start taking on a golden yellow colour.
  4187 | D:4      | Reached XP level 7. HP: 34/50 MP: 11/15
  4420 | D:$      | Got out of the dungeon alive.

Action                   |  1- 3 |  4- 6 |  7- 9 || total
-------------------------+-------+-------+-------++-------
Melee: Unarmed           |    10 |       |       ||    10
       Dagger            |    38 |   126 |    10 ||   174
 Cast: Magic Dart        |    50 |   226 |     1 ||   277
  Eat: Chunk             |     1 |     9 |       ||    10
